Map: [ESL] Tropical Sacrifice

Players

Clem - Winner!

  • Race: Terran Terran
  • Spawn Location: 7:00

HeroMarine

  • Race: Terran Terran
  • Spawn Location: 1:00

Event: DreamHack SC2 Masters 2022 Atlanta (Online)

VOD

Have the link to the VOD?

Description

Time

  • Played on: Oct. 15, 2022, 12:02 p.m.
  • Length: 10:16

All games in this series

Show
View Real Time Build Order
Export as new Build Order

Clem Terran - Winner!

Build Orders:  

Get SALT Encoding   

  12  0:00  SCV  
  13  0:12  SCV  
  14  0:17  Supply Depot  
  14  0:24  SCV  
  15  0:38  SCV  
  15  0:40  Barracks  
  16  0:44  Refinery  
  16  0:51  SCV  
  16  0:53  Refinery  
  17  1:03  SCV  
  18  1:15  SCV  
  19  1:27  Orbital Command  
  19  1:28  Barracks Reactor  
  19  1:33  Supply Depot  
  19  1:44  Factory  
  19  1:53  SCV  
  20  2:04  Reaper  
  20  2:05  Reaper, SCV  
  23  2:27  Hellion  
  23  2:29  Command Center  
  25  2:36  Reaper  
  25  2:37  Reaper  
  27  2:41  SCV  
  27  2:42  Supply Depot  
  28  2:49  Hellion  
  30  2:53  SCV  
  31  3:00  Starport  
  31  3:05  SCV  
  32  3:10  Hellion  
  32  3:11  Reaper  
  35  3:17  SCV  
  36  3:20  Supply Depot, Reaper  
  37  3:31  SCV  
  37  3:33  Factory Tech Lab  
  38  3:38  Starport Tech Lab  
  38  3:45  Orbital Command  
  38  3:46  SCV  
  38  3:47  Marine  
  40  3:54  Cyclone  
  37  3:57  Refinery  
  37  3:58  SCV  
  38  4:09  Marine x2  
  40  4:10  SCV x2  
  42  4:22  SCV  
  42  4:23  SCV, Raven  
  46  4:27  Marine x2  
  48  4:34  SCV  
  48  4:35  SCV  
  48  4:42  Siege Tank  
  50  4:47  SCV  
  50  4:48  Command Center  
  50  4:49  SCV, Marine x2  
  54  4:57  Supply Depot  
  54  4:59  SCV  
  51  5:01  SCV  
  52  5:07  Raven  
  52  5:10  Marine  
  52  5:11  Supply Depot, SCV, Marine  
  57  5:14  SCV  
  56  5:23  SCV  
  56  5:26  SCV  
  58  5:31  Siege Tank  
  58  5:35  SCV  
  62  5:36  Marine x2  
  62  5:38  SCV  
  62  5:40  Barracks  
  62  5:41  Barracks  
  65  5:45  Refinery  
  65  5:47  SCV  
  66  5:50  SCV  
  67  5:59  SCV, Orbital Command  
  67  6:02  SCV  
  67  6:03  Viking, Siege Tank  
  74  6:06  Viking  
  76  6:11  SCV  
  76  6:12  Stimpack  
  76  6:14  SCV  
  76  6:15  Marine  
  79  6:20  Supply Depot  
  79  6:24  SCV  
  80  6:27  SCV  
  80  6:29  Barracks Reactor x2, Orbital Command  
  81  6:34  Viking  
  81  6:36  Supply Depot, SCV, Viking  
  81  6:39  SCV  
  87  6:44  Marine  
  87  6:46  Siege Tank  
  91  6:48  SCV  
  91  6:51  Supply Depot, SCV  
  92  6:56  Engineering Bay x2  
  92  6:59  SCV  
  92  7:00  SCV  
  94  7:01  Marine  
  94  7:03  SCV  
  94  7:06  Marine x4  
  100  7:09  Medivac x2  
  100  7:11  Supply Depot  
  100  7:12  SCV  
  100  7:13  SCV  
  100  7:15  SCV  
  107  7:18  Refinery  
  107  7:19  Refinery, Marine  
  107  7:25  SCV x2  
  107  7:27  SCV, Siege Tank  
  113  7:31  Marine x2  
  113  7:32  Supply Depot, Marine x2  
  117  7:37  Supply Depot, Marine  
  117  7:38  SCV x2  
  117  7:40  Terran Infantry Weapons Level 1  
  120  7:51  Combat Shield  
  120  7:52  Barracks  
  120  7:53  SCV x2, Barracks  
  120  7:54  SCV  
  121  7:58  Marine x2  
  121  7:59  Marine x2  
  121  8:00  Marine  
  121  8:03  Siege Tank  
  70  8:12  Viking x2  
  129  8:13  Supply Depot  
  129  8:16  Marine x2  
  129  8:18  Terran Infantry Armor Level 1  
  135  8:21  Armory, Marine  
  135  8:22  Marine x2  
  135  8:26  Supply Depot  
  138  8:32  Command Center  
  138  8:34  Marine x2  
  138  8:39  Marine x2  
  138  8:40  Marine  
  138  8:41  Siege Tank  
  143  8:47  Viking  
  146  8:48  Barracks Reactor  
  146  8:49  Barracks Reactor  
  146  8:51  Viking  
  146  8:58  Marine x2  
  146  8:59  Supply Depot, Marine x2  
  146  9:00  Factory  
  150  9:09  Supply Depot  
  151  9:10  Sensor Tower  
  151  9:16  Marine x2  
  151  9:17  Siege Tank, Marine x2  
  152  9:23  SCV x3  
  159  9:28  Barracks Reactor  
  159  9:34  Viking x2  
  159  9:36  Marine x5  
  159  9:37  Marine  
  159  9:38  Refinery  
  169  9:39  Refinery  
  169  9:41  Supply Depot  
  169  9:47  SCV  
  169  9:48  SCV  
  169  9:51  Sensor Tower  
  174  9:57  Marine  
Show
View Real Time Build Order
Export as new Build Order

HeroMarine Terran 

Build Orders:  

Get SALT Encoding   

  12  0:00  SCV  
  13  0:12  SCV  
  14  0:17  Supply Depot  
  14  0:24  SCV  
  15  0:39  SCV  
  15  0:40  Barracks  
  16  0:44  Refinery  
  16  0:51  SCV  
  16  0:54  Refinery  
  17  1:03  SCV  
  18  1:15  SCV  
  19  1:27  Reaper, Orbital Command  
  20  1:33  Supply Depot  
  20  1:41  Factory  
  20  1:52  SCV  
  21  1:59  Reaper  
  22  2:05  SCV  
  23  2:16  Command Center  
  23  2:20  SCV  
  24  2:25  Hellion  
  26  2:31  Barracks Reactor  
  26  2:32  SCV  
  27  2:40  Starport  
  27  2:44  SCV  
  28  2:47  Factory Tech Lab  
  28  2:56  SCV  
  29  3:12  SCV  
  30  3:14  Supply Depot, Marine  
  31  3:20  Factory Tech Lab  
  31  3:21  Refinery  
  31  3:27  Raven, Marine  
  31  3:28  SCV, Orbital Command  
  31  3:32  Marine  
  36  3:40  SCV  
  36  3:41  Cyclone  
  36  3:46  Marine  
  33  3:50  Marine  
  33  3:52  SCV  
  30  3:55  SCV  
  30  4:04  SCV  
  30  4:05  Marine  
  30  4:07  Marine  
  30  4:09  SCV  
  34  4:15  Siege Tank  
  37  4:18  SCV  
  38  4:25  SCV  
  41  4:33  SCV  
  41  4:36  Supply Depot  
  41  4:38  SCV  
  43  4:45  SCV, Raven  
  40  4:46  Marine  
  40  4:47  Marine  
  40  4:50  SCV  
  44  4:58  SCV  
  44  4:59  Siege Tank  
  46  5:04  SCV  
  47  5:07  Marine x2  
  47  5:10  SCV  
  50  5:16  SCV  
  51  5:22  SCV  
  50  5:28  SCV  
  50  5:32  Siege Tank  
  50  5:34  SCV  
  55  5:40  Command Center  
  55  5:41  SCV  
  56  5:46  Supply Depot, SCV  
  56  5:48  Viking  
  59  5:53  SCV  
  60  5:57  Viking  
  62  6:05  Supply Depot  
  62  6:07  SCV x2, Siege Tank  
  67  6:12  Stimpack  
  67  6:18  Supply Depot  
  67  6:19  SCV x2  
  69  6:26  Viking  
  69  6:27  Viking  
  69  6:28  Refinery  
  69  6:32  SCV x2  
  75  6:39  Siege Tank  
  78  6:44  SCV x2  
  80  6:53  Orbital Command  
  81  6:56  SCV x2  
  82  7:04  Engineering Bay x2, Barracks  
  82  7:05  Barracks  
  82  7:08  SCV x2  
  84  7:12  Siege Tank  
  84  7:13  Orbital Command  
  87  7:20  SCV x2  
  89  7:30  Viking  
  89  7:31  Viking  
  89  7:32  SCV x2, Marine  
  89  7:33  Terran Infantry Armor Level 1, Terran Infantry Weapons Level 1  
  89  7:35  Supply Depot  
  96  7:37  Supply Depot  
  96  7:40  SCV  
  97  7:44  SCV x2  
  97  7:46  Sensor Tower  
  100  7:52  SCV  
  100  7:57  SCV, Siege Tank  
  105  7:59  Barracks Reactor x2, Supply Depot  
  105  8:00  Supply Depot  
  105  8:02  Refinery  
  105  8:03  SCV  
  105  8:04  SCV, Refinery  
  106  8:09  SCV  
  107  8:14  Raven  
  107  8:15  SCV, Command Center  
  107  8:16  SCV  
  110  8:21  SCV  
  110  8:25  Missile Turret, Marine x2  
  112  8:27  SCV  
  112  8:29  SCV  
  112  8:33  SCV, Siege Tank  
  110  8:39  SCV  
  110  8:40  Marine  
  109  8:42  Marine x2  
  109  8:51  SCV x2  
  109  8:55  Marine  
  109  8:57  Marine  
  109  8:59  Marine  
  109  9:00  Marine  
  108  9:05  Supply Depot  
  108  9:10  Medivac x2  
  108  9:11  Siege Tank, Marine  
  108  9:12  Marine  
  108  9:15  Marine  
  108  9:16  Orbital Command  
  118  9:17  Marine x2  
  120  9:29  Marine  
  120  9:30  Marine  
  122  9:33  Marine  
  122  9:34  SCV x2  
  122  9:35  Marine x2  
  127  9:43  Siege Tank  
  129  9:46  SCV x2, Sensor Tower, Marine  
  129  9:47  SCV  
  129  9:48  SCV  
  129  9:50  Marine  
  129  9:51  Marine  
  136  9:53  Marine  
  136  9:55  Marine  
  136  9:58  SCV  
  136  9:59  SCV  
  137  10:03  SCV  
Tags
 
Add a new tag
Caveats
  • Supply blocks, unpowered buildings, or Contaminate may cause inaccurate times.
  • Supply counts are checked every 10 seconds.